 Dungeon Crawl Stone Soup version 0.28.0-45-g0d030f2227 (webtiles) character file.

Game seed: 17143392938684836765

56575 crimpus the Fencer (level 14, -7/129 HPs)
             Began as a Minotaur Fighter on Apr 2, 2022.
             Was a High Priest of Wu Jian.
             Killed from afar by a war gargoyle (42 damage)
             ... with a spray of metal splinters
             ... on level 13 of the Dungeon.
             The game lasted 00:31:20 (20407 turns).

crimpus the Fencer (Minotaur Fighter)              Turns: 20407, Time: 00:31:21

Health: -7/129     AC: 20    Str: 40    XL:     14   Next: 42%
Magic:  13/13      EV:  9    Int:  8    God:    Wu Jian [*****.]
Gold:   61         SH: 16    Dex: 11    Spells: 13/13 levels left

rFire   + . .      SeeInvis .   k - +9 long sword of Judaakk {vamp, rN+ Str+5}
rCold   . . .      Faith    .   D - +1 tower shield
rNeg    + + .      Spirit   .   m - +0 plate armour
rPois   .          Reflect  .   r - +2 hat
rElec   .          Harm     .   (no cloak)
rCorr   +          Rampage  .   (no gloves)
Will    +....      Clarity  +   l - +0 pair of boots of Spite {rN+ rCorr Str+3 Dex-5}
Stlth   .......... Rnd*Tele +   (no amulet)
HPRegen 0.31/turn               j - ring "Motolu Kuipn" {rF+ Str+6 Int+3}
MPRegen 0.13/turn               x - +6 ring of dexterity

@: studying Shields
A: horns 2, retaliatory headbutt, clarity, teleportitis 1
a: Renounce Religion, Wall Jump, Serpent's Lash, Heavenly Storm


You were on level 13 of the Dungeon.
You worshipped Wu Jian.
Wu Jian was extremely pleased with you.
You visited 4 branches of the dungeon, and saw 17 of its levels.
You also visited: Bailey.

You collected 1751 gold pieces.
You spent 1690 gold pieces at shops.

Inventory:

Hand Weapons
 f - a +0 double sword of flaming
 k - the +9 long sword of Judaakk (weapon) {vamp, rN+ Str+5}
   (You found it on level 3 of the Dungeon)

   It occasionally heals its wielder for a portion of the damage dealt when it
   wounds a living foe.
   Str:       It affects your strength (+5).
   rN:        It protects you from negative energy.
Armour
 c - a +0 buckler
 l - the +0 pair of boots of Spite (worn) {rN+ rCorr Str+3 Dex-5}
   (You found it on level 2 of the Dungeon)

   Str:       It affects your strength (+3).
   Dex:       It affects your dexterity (-5).
   rN:        It protects you from negative energy.
   rCorr:     It protects you from acid and corrosion.
 m - a +0 plate armour (worn)
 r - a +2 hat (worn)
 D - a +1 tower shield (worn)
Jewellery
 a - a ring of see invisible
 j - the ring "Motolu Kuipn" (left hand) {rF+ Str+6 Int+3}
   (You found it on level 2 of the Dungeon)

   [ring of strength]

   Str:       It affects your strength (+6).
   Int:       It affects your intelligence (+3).
   rF:        It protects you from fire.
 x - a +6 ring of dexterity (right hand)
 y - a ring of ice
Wands
 i - a wand of paralysis (15)
 q - a wand of polymorph (7)
 s - a wand of flame (23)
 z - a wand of acid (10)
Scrolls
 n - 9 scrolls of identify
 t - a scroll of holy word
 u - 3 scrolls of brand weapon
 w - 4 scrolls of blinking
 C - a scroll of fog
 E - a scroll of vulnerability {unknown}
Potions
 b - a potion of brilliance
 d - 4 potions of might
 e - 10 potions of curing
 g - a potion of mutation
 h - a potion of attraction
 p - 2 potions of heal wounds
 v - a potion of lignification
 A - 3 potions of flight
 B - a potion of berserk rage {unknown}


   Skills:
 + Level 13.5 Fighting
 + Level 18.3 Long Blades
 - Level 2.4 Axes
 + Level 15.0 Armour
 + Level 8.9 Dodging
 * Level 9.6 Shields


You had 13 spell levels left.
You didn't know any spells.
Your spell library contained the following spells:

 Spells                   Type           Power      Damage    Failure   Level
 Animate Skeleton         Necr           0%         N/A       100%        1
 Apportation              Tloc           0%         N/A       100%        1
 Beastly Appendage        Tmut           0%         N/A       100%        1
 Summon Small Mammal      Summ           0%         N/A       100%        1
 Wereblood                Tmut           0%         N/A       100%        2
 Confusing Touch          Hex            0%         N/A       100%        3
 Spider Form              Tmut/Pois      0%         N/A       100%        3
 Tukima's Dance           Hex            0%         N/A       100%        3
 Passage of Golubria      Tloc           0%         N/A       100%        4
 Yara's Violent Unravell  Hex/Tmut       0%         3d3       100%        5
 Enfeeble                 Hex            0%         N/A       100%        7


Dungeon Overview and Level Annotations

Branches:
Dungeon (13/15)            Temple (1/1) D:5            Lair (0/6) D:11
    Orc (2/2) D:9             Elf (1/3) Orc:2        Bailey (visited)
 Vaults: D:13-14

Altars:
Ashenzari
Cheibriados
Dithmenos
Elyvilon
Fedhas
Gozag
Hepliaklqana
Kikubaaqudgha
Makhleb
Nemelex Xobeh
Okawaru
Qazlal
Ru
Sif Muna
Trog
Uskayaw
Vehumet
Wu Jian
Xom
Yredelemnul
Zin
The Shining One

Shops:
D:7 *   D:11 *   D:13 =   Orc:1 [*?   Orc:2 *[:(

Annotations:
D:6 2 transporters, Soldner's ghost, novice GnWn
D:9 1 runed translucent door, jr88keys's ghost, journeyman GrFi


Innate Abilities, Weirdness & Mutations

You have a pair of horns on your head.
You reflexively headbutt those who attack you in melee.
You possess an exceptional clarity of mind.
You are occasionally teleported next to monsters.


Message History

The ogre mage hits you but does no damage.
The war gargoyle hits you with a +0 morningstar!!
There are monsters nearby!
You slash the ogre mage!
You feel better.
Your headbutt misses the ogre mage.
The ogre mage is almost dead.
A war gargoyle comes into view. It is wielding a +0 great mace.
The yaktaur shoots a bolt.
You block the bolt.
The war gargoyle launches metal splinters at you.
The spray of metal splinters hits you!!
The ogre mage gestures at you while chanting.
The bolt of magma misses you. You block the ogre mage's attack.
The war gargoyle launches metal splinters at you.
The spray of metal splinters misses you.
You barely miss the war gargoyle. You block the war gargoyle's attack.
You hit the war gargoyle but do no damage.
You block the war gargoyle's attack.
The war gargoyle hits you with a +0 morningstar!!
Unknown command.
As you read the scroll of teleportation, it crumbles to dust.
You feel strangely unstable. The war gargoyle completely misses you.
The war gargoyle launches metal splinters at you.
The spray of metal splinters hits you!!
* * * LOW HITPOINT WARNING * * *
Your surroundings seem slightly different.
A tengu warrior and a cane toad come into view.
The tengu warrior shouts!
The war gargoyle launches metal splinters at you.
The spray of metal splinters misses you.
A seven-headed hydra comes into view.
The war gargoyle barely misses you. You block the war gargoyle's attack.
The war gargoyle launches metal splinters at you.
The spray of metal splinters hits you but does no damage.
The yaktaur shoots a bolt.
You block the bolt.
The war gargoyle launches metal splinters at you.
The spray of metal splinters misses you.
The war gargoyle launches metal splinters at you.
The spray of metal splinters hits you!!!
You die...

##########.........# #.##
.........#......##.# #..#
########.......###.####.###
#..............#..(.# ####
##.##.....###.#......####... #..
#)....# #.###..[........
#.###.....###.###....###..(.
######.##.................# ##...
.(.<......##....@9..##....# #...
######.####..#####.###....# ##.#
####...# #.## #.##############
#....######.# #Q#..#.#.#.#9...
............# ##.#.#.#.#.#..#
.....######## #.#.#9#.#.#O#..c
.......##############.#Q.#.#.##9.
...##............# ..#c#.#.#c# ..
...###...........#....#.#..#9# .


You could see a war gargoyle (catching breath).

Vanquished Creatures
  2 orc warlords
  2 boulder beetles
  Erolcha (D:9)
  2 hydras
  Erica (Orc:1)
  3 two-headed ogres
  A centaur warrior (D:13)
  A death knight (D:12)
  A tengu warrior (D:13)
  5 orc high priests
  A skeletal warrior (D:12)
  10 orc knights
  5 orc sorcerers
  A deep elf zephyrmancer (Elf:1)
  3 deep elf pyromancers
  An oklob plant (D:11)
  2 ugly things
  3 cyclopes
  Maggie (D:6)
  An efreet (D:11)
  An unseen horror (D:13)
  A kobold demonologist (D:12)
  A freezing wraith (D:13)
  2 komodo dragons (D:10)
  2 polar bears (D:13)
  6 trolls
  Grinder (D:6)
  A slime creature (D:12)
  A wraith (D:11)
  Sigmund (D:2)
  Eustachio (D:6)
  A vampire (D:12)
  2 wyverns
  A golden eye (shapeshifter) (D:11)
  2 basilisks
  5 wargs
  A water moccasin (D:9)
  3 sky beasts
  38 orc warriors
  4 black bears
  A necrophage (D:5)
  6 ogres
  15 centaurs
  2 kobold brigands (D:8)
  3 bullfrogs
  A wyvern zombie (D:9)
  2 scorpions
  3 wights (D:7)
  6 howler monkeys
  8 centaur zombies
  A bullfrog skeleton (D:6)
  3 jellies
  11 orc priests
  A centaur skeleton (D:6)
  7 iguanas
  16 orc wizards
  A killer bee zombie (D:7)
  A hound skeleton (D:5)
  A howler monkey zombie (D:10)
  Robin (D:2)
  4 gnolls (D:5)
  11 adders
  A white imp (D:6)
  2 ufetubi
  A worm (D:4)
  3 dart slugs
  79 orcs
  10 ball pythons
  10 endoplasms
  A giant cockroach (D:1)
  16 goblins
  11 hobgoblins
  3 jackals (D:1)
  15 kobolds
  2 quokkas
  6 bats
  8 frilled lizards
  2 rats
397 creatures vanquished.

Vanquished Creatures (collateral kills)
  A howler monkey (D:11)
1 creature vanquished.

Vanquished Creatures (others)
  A hydra (D:11)
  2 orcs
  10 plants
13 creatures vanquished.

Grand Total: 411 creatures vanquished

Notes
Turn   | Place    | Note
-------+----------+-------------------------------------------
     0 | D:1      | crimpus the Minotaur Fighter began the quest for the Orb.
     0 | D:1      | Reached XP level 1. HP: 19/19 MP: 0/0
   105 | D:1      | Reached XP level 2. HP: 21/27 MP: 1/1
   801 | D:2      | Identified the ring "Motolu Kuipn" {rF+ Str+6 Int+3}
   853 | D:2      | Found a faded altar of an unknown god.
   857 | D:2      | Reached XP level 3. HP: 34/34 MP: 2/2
   892 | D:2      | Noticed Robin
   914 | D:2      | Reached skill level 1 in Long Blades
   916 | D:2      | Killed Robin
  1236 | D:2      | Identified the +0 pair of boots of Spite {rN+ rCorr Str+3
                  | Dex-5}
  1303 | D:2      | Reached XP level 4. HP: 41/41 MP: 3/3
  1490 | D:2      | Noticed Sigmund
  1516 | D:2      | Killed Sigmund
  1517 | D:2      | Reached skill level 4 in Long Blades
  1517 | D:2      | Reached XP level 5. HP: 13/47 MP: 4/4
  2320 | D:3      | Identified the +9 long sword of Judaakk {vamp, rN+ Str+5}
  2385 | D:3      | Reached skill level 5 in Fighting
  2400 | D:3      | Reached XP level 6. HP: 56/56 MP: 5/5
  3106 | D:4      | Reached skill level 5 in Armour
  3128 | D:4      | Reached skill level 5 in Long Blades
  3268 | D:4      | Noticed a sky beast
  3275 | D:4      | Killed a sky beast
  3335 | D:4      | Found a glowing silver altar of Zin.
  3406 | D:4      | Found an ornate altar of the Wu Jian Council.
  3521 | D:4      | Reached XP level 7. HP: 58/61 MP: 6/6
  3786 | D:5      | Entered Level 5 of the Dungeon
  3794 | D:5      | Reached skill level 6 in Long Blades
  3855 | D:5      | Reached skill level 1 in Dodging
  3885 | D:5      | Reached skill level 7 in Long Blades
  4140 | D:5      | Gained mutation: Your flesh is heat resistant. (rF+)
                  | [potion of mutation]
  4140 | D:5      | Gained mutation: Your body sometimes deteriorates upon
                  | taking damage. [potion of mutation]
  4140 | D:5      | Gained mutation: You have large cloven feet. [potion of
                  | mutation]
  4141 | D:5      | Lost mutation: Your flesh is heat resistant. (rF+) [potion
                  | of mutation]
  4141 | D:5      | Lost mutation: You have large cloven feet. [potion of
                  | mutation]
  4141 | D:5      | Gained mutation: Armour fits poorly on your strangely
                  | shaped body. [potion of mutation]
  4142 | D:5      | Lost mutation: Armour fits poorly on your strangely shaped
                  | body. [potion of mutation]
  4142 | D:5      | Lost mutation: Your body sometimes deteriorates upon taking
                  | damage. [potion of mutation]
  4142 | D:5      | Gained mutation: You are occasionally teleported next to
                  | monsters. [potion of mutation]
  4142 | D:5      | Gained mutation: You possess an exceptional clarity of
                  | mind. [potion of mutation]
  4185 | D:5      | Found a staircase to the Ecumenical Temple.
  4198 | D:5      | Reached XP level 8. HP: 59/70 MP: 7/7
  4206 | Temple   | Entered the Ecumenical Temple
  4292 | D:5      | Found a shadowy altar of Dithmenos.
  4576 | D:4      | Noticed a spectral centipede
  4576 | D:4      | Noticed a spectral black mamba
  4577 | D:4      | Became a worshipper of the Wu Jian Council
  4625 | D:6      | Reached skill level 8 in Long Blades
  4651 | D:6      | Noticed Maggie
  4664 | D:6      | Killed Maggie
  4665 | D:6      | Reached skill level 5 in Shields
  4852 | D:6      | Noticed Eustachio
  5201 | D:6      | Reached skill level 9 in Long Blades
  5228 | D:6      | Noticed Grinder
  5233 | D:6      | Killed Grinder
  5237 | D:6      | Found a transporter.
  5237 | D:6      | Found a transporter.
  5240 | D:6      | Noticed a hornet
  5295 | D:6      | Reached XP level 9. HP: 78/79 MP: 8/8
  5442 | D:6      | Noticed a queen bee
  5495 | D:6      | Noticed Soldner's ghost (novice GnWn)
  5690 | D:6      | Reached skill level 10 in Long Blades
  5826 | D:6      | Killed Eustachio
  6181 | D:7      | Found a flagged portal.
  6193 | Bailey   | Entered a bailey
  6239 | Bailey   | Reached * piety under Wu Jian
  7099 | Bailey   | Reached skill level 11 in Long Blades
  7462 | Bailey   | Reached XP level 10. HP: 71/90 MP: 9/9
  8168 | Bailey   | Reached skill level 16 in Long Blades
  8168 | Bailey   | Reached XP level 11. HP: 95/95 MP: 10/10
  8286 | D:7      | Found Suarimed's General Store.
  8370 | D:7      | Reached ** piety under Wu Jian
  9341 | D:8      | Reached skill level 10 in Armour
  9400 | D:8      | Found a hide-covered altar of Uskayaw.
  9411 | D:8      | Found an iron altar of Okawaru.
  9415 | D:8      | Found a bloodstained altar of Trog.
  9841 | D:9      | Identified the +3 ring mail of Xaqiul {rN+}
 10184 | D:9      | Found a staircase to the Orcish Mines.
 10309 | D:9      | Noticed Erolcha
 10314 | D:9      | Killed Erolcha
 10406 | D:9      | Found a runed translucent door.
 10410 | D:9      | Noticed a flayed ghost
 10413 | D:9      | Noticed jr88keys's ghost (journeyman GrFi)
 10661 | D:10     | Entered Level 10 of the Dungeon
 11487 | D:11     | Noticed an oklob plant
 11491 | D:11     | Found a staircase to the Lair.
 11522 | D:11     | Killed an oklob plant
 11622 | D:11     | Reached *** piety under Wu Jian
 11660 | D:11     | Found Tekhiev's Assorted Antiques.
 11668 | D:11     | Reached skill level 10 in Fighting
 11693 | D:11     | Found a blossoming altar of Fedhas.
 11699 | D:11     | Noticed a seven-headed hydra
 11707 | D:11     | Killed a seven-headed hydra
 11941 | D:11     | Noticed a seven-headed hydra
 11955 | D:11     | Killed a three-headed hydra
 12051 | D:11     | Noticed a two-headed ogre
 12059 | D:11     | Killed a two-headed ogre
 12060 | D:11     | Reached XP level 12. HP: 107/107 MP: 11/11
 12430 | Orc:1    | Entered Level 1 of the Orcish Mines
 12670 | Orc:1    | Found Buejiul's Magic Scroll Emporium.
 12670 | Orc:1    | Found Cekurola's General Store.
 12673 | Orc:1    | Noticed an orc high priest
 13367 | Orc:1    | Killed an orc high priest
 13368 | Orc:1    | Reached skill level 17 in Long Blades
 13753 | Orc:1    | Found Firr's Antique Armour Shop.
 13758 | Orc:1    | Bought a potion of experience for 700 gold pieces
 13758 | Orc:1    | Reached XP level 13. HP: 116/116 MP: 12/12
 13798 | Orc:1    | Noticed Erica
 13802 | Orc:1    | Killed Erica
 13903 | Orc:2    | Entered Level 2 of the Orcish Mines
 14058 | Orc:2    | Noticed an orc warlord
 14941 | Orc:1    | Killed an orc warlord
 15864 | Orc:2    | Found a staircase to the Elven Halls.
 15868 | Orc:2    | Reached **** piety under Wu Jian
 15999 | Orc:2    | Noticed an orc warlord
 16015 | Elf:1    | Entered Level 1 of the Elven Halls
 16300 | Elf:1    | Killed an orc warlord
 16974 | Orc:2    | Found Waezosi's Antique Armour Shop.
 16975 | Orc:2    | Found Cuaffer's Antique Weapon Boutique.
 16987 | Orc:2    | Found Kiwukk's General Store.
 16987 | Orc:2    | Found Gumodgh's Book Shop.
 17015 | Orc:2    | Bought a scroll of teleportation for 30 gold pieces
 17269 | Orc:2    | Paralysed by an orc sorcerer for 2 turns
 17274 | Orc:2    | Reached XP level 14. HP: 124/127 MP: 13/13
 17280 | Orc:2    | Reached ***** piety under Wu Jian
 17706 | D:12     | Found the +6 shillelagh "Devastator" {shatter}
 17952 | D:12     | Reached skill level 18 in Long Blades
 19575 | Orc:2    | Bought a manual of Shields for 960 gold pieces
 19827 | D:13     | Found Hibipaoxea's Jewellery Shoppe.
 20092 | D:13     | Found a bloodstained altar of Trog.
 20099 | D:13     | Reached skill level 15 in Armour
 20383 | D:13     | Noticed a war gargoyle
 20385 | D:13     | Noticed a war gargoyle
 20407 | D:13     | Killed from afar by a war gargoyle

Illustrated notes

Levels and vault maps discovered:
D:1:      mainiacjoe_arrival_reflecting_pool, layout_loops_ring
D:2:      layout_loops_cross, hellmonk_ecumenical_altar_slurped_away,
          uniq_sigmund, uniq_robin
D:3:      wad_crossroads, layout_basic, grunt_decor_mini_mirrors
D:4:      layout_cave_pools, pdpol_wu_jian_five_deadly_venoms,
          mainiacjoe_overflow_brackets, minmay_snake_closets
D:5:      layout_rooms, overflow_temple_1_default,
          minmay_temple_entry_antechambers, st_stairs_6
D:6:      cheibrodos_iron_armory, layout_loops_ring, gammafunk_ghost_hive,
          st_stairs_13, minmay_misc_feat_cross, kennysheep_cluttered_room,
          uniq_maggie, uniq_eustachio, uniq_grinder
D:7:      layout_loops_ring, enter_bailey_6, serial_shops, shop
D:8:      layout_loops_ring, minmay_overflow_temple_star_quad,
          nrook_pool_corridor, lemuel_flame_loot_1
D:9:      layout_stronghold, orc_0_dummy, ebering_ghost_inner_flame,
          uniq_erolcha
D:10:     layout_irregular_city, minmay_lizard_king
D:11:     layout_loops_ring, dpeg_oklobed_lair, serial_shops, shop,
          fedhas_altar_3
D:12:     minmay_bloctagon_deflated, layout_stronghold,
          kennysheep_decorative_pillar
D:13:     minmay_tearing_corner, layout_rooms, serial_shops,
          nicolae_shop_advertising_works [nicolae_subvault_shop_adworks],
          trog_ov_bears_minmay
Temple:   nicolae_temple_x_marks_the_god
Orc:1:    layout_caves, serial_shops, nicolae_shop_crystal,
          guppyfry_orc_lava_fort, uniq_erica
Orc:2:    st_orc_congregation, layout_diamond_mine
Elf:1:    eino_elf_arrival_sip, layout_geoelf_diagonals,
          kennysheep_underground_church, minmay_misc_feat_columns,
          serial_nicolae_subway, nicolae_sub_station_crystal,
          nicolae_sub_station_metal, nicolae_sub_station_stone, uniq_kirke

Skill      XL: |  1  2  3  4  5  6  7  8  9 10 11 12 13 14 |
---------------+-------------------------------------------+-----
Shields        | 4 5 6 7 9 |  9.6
Fighting       | 4 5 6 7 8 10 11 12 13 | 13.5
Armour         | 4 5 6 7 9 11 12 14 15 | 15.0
Long Blades    | 1 4 5 7 9 11 16 17 18 | 18.3
Dodging        | 1 2 3 8 |  8.9
Axes           | |  2.4

Action                   |  1- 3 |  4- 6 |  7- 9 | 10-12 | 13-15 || total
-------------------------+-------+-------+-------+-------+-------++-------
Melee: War axe           |    15 |       |       |       |       ||    15
       Headbutt          |    12 |     8 |    28 |    65 |    80 ||   193
       Double sword      |    62 |    41 |       |     4 |     2 ||   109
       Long sword        |       |    43 |   217 |   311 |   393 ||   964
Invok: Lunge             |       |       |    20 |    29 |    40 ||    89
       Whirlwind         |       |       |     1 |     9 |    23 ||    33
       Serpent's Lash    |       |       |       |       |     3 ||     3
  Use: Scroll            |     1 |     3 |     5 |     9 |     4 ||    22
       Potion            |     3 |       |     4 |     2 |     3 ||    12
Armor: Scale mail        |    15 |       |       |       |       ||    15
       Chain mail        |    26 |    49 |    94 |       |       ||   169
       Plate armour      |       |       |    27 |   125 |   139 ||   291
Dodge: Dodged            |    49 |    45 |   128 |    82 |   134 ||   438
Block: Buckler           |    18 |    12 |    47 |    43 |    52 ||   172
       Tower shield      |       |       |       |       |    69 ||    69
